 Dungeon Crawl Stone Soup version 0.30.1-9-gdf580d7c3d (webtiles) character file.

Game seed: 6874162486316412437

245 adizb the Shooter (level 5, 0/31 HPs)
             Began as a Deep Elf Hunter on Sept 25, 2023.
             Slain by a black bear (7 damage)
             ... on level 4 of the Dungeon.
             The game lasted 00:12:05 (1888 turns).

adizb the Shooter (Deep Elf Hunter)                 Turns: 1888, Time: 00:12:07

Health: 0/31       AC:  7    Str:  8    XL:     5   Next: 83%
Magic:  7/7        EV: 13    Int: 14    God:
Gold:   133        SH:  0    Dex: 20    Spells: 4/4 levels left

rFire   . . .        a - +0 shortbow
rCold   . . .        (shield currently unavailable)
rNeg    . . .        c - +0 leather armour
rPois   .            (no helmet)
rElec   .            o - scarf {harm}
rCorr   +            (no gloves)
SInv    .            (no boots)
Will    .....        (no amulet)
Stlth   +++          h - +4 ring of protection
HPRegen 0.25/turn    g - ring of resist corrosion
MPRegen 0.10/turn

%: harm (+30% outgoing, +20% incoming)
@: about to teleport
A: no striking features
a: no special abilities


You were on level 4 of the Dungeon.
You visited 1 branch of the dungeon, and saw 4 of its levels.

You collected 133 gold pieces.

Inventory:

Hand Weapons
 a - a +0 shortbow (weapon)
Armour
 c - a +0 leather armour (worn)
 o - a scarf of harm (worn)
 s - a scarf of shadows
Jewellery
 g - a ring of resist corrosion (right hand)
 h - a +4 ring of protection (left hand)
 p - a ring of wizardry
Wands
 r - a wand of digging (4)
Scrolls
 b - a scroll of immolation
 f - 2 scrolls of magic mapping
 i - a scroll of blinking {unknown}
 k - a scroll of identify {unknown}
 n - a scroll of fear
 t - a scroll of noise {unknown}
 u - a scroll of poison {unknown}
Potions
 d - a potion of might {unknown}
 e - a potion of heal wounds {unknown}
 l - 3 potions of lignification {unknown}
 m - 2 potions of curing {unknown}
 q - a potion of attraction {unknown}


   Skills:
 + Level 2.6 Fighting
 * Level 7.2 Ranged Weapons
 + Level 4.0 Dodging
 + Level 3.5 Stealth


You had 4 spell levels left.
You didn't know any spells.
Your spell library contained the following spells:

 Spells                   Type           Power      Damage    Failure   Level
 Freeze                   Ice            0%         1d3       38%         1
 Magic Dart               Conj           0%         1d3       38%         1
 Call Imp                 Summ           0%         N/A       54%         2
 Ensorcelled Hibernation  Hex/Ice        0%         N/A       54%         2
 Frozen Ramparts          Ice            0%         1d1       77%         3
 Hailstorm                Conj/Ice       0%         3d3       77%         3
 Mephitic Cloud           Conj/Pois/Air  0%         N/A       77%         3
 Spider Form              Tmut/Pois      0%         N/A       77%         3
 Anguish                  Hex/Necr       0%         N/A       99%         4


Dungeon Overview and Level Annotations

Branches:
Dungeon (4/15)
 Temple: D:4-7

Altars:
Lugonu

Portals:
Abyss: D:3

Annotations:
D:3 2 runed translucent doors, Sigmund


Message History

HP restored.
A giant cockroach comes into view.
You shoot an arrow. The arrow hits the giant cockroach!
You kill the giant cockroach!
Your Dodging skill increases to level 4!
A black bear comes into view.
The black bear growls angrily.
You hear an angry hiss.
You shoot an arrow. The arrow hits the black bear!
The black bear is moderately wounded.
You shoot an arrow. The arrow hits the black bear.
The black bear is heavily wounded.
You shoot an arrow. The arrow barely misses the black bear.
You shoot an arrow. The arrow hits the black bear.
The black bear is heavily wounded.
The black bear barely misses you.
The black bear claws you but does no damage. x2
You shoot an arrow. The arrow hits the black bear.
The black bear is severely wounded.
The black bear bites you. The black bear barely misses you.
The black bear claws you but does no damage.
You shoot an arrow. The arrow hits the black bear.
The black bear is almost dead.
The black bear goes berserk!
You shoot an arrow. The arrow barely misses the black bear.
The black bear bites you but does no damage.
The black bear barely misses you. The black bear closely misses you.
The black bear bites you! The black bear claws you.
The black bear barely misses you.
You are too injured to fight recklessly!
You are too injured to fight recklessly!
You can't see any enemies this would affect, really read the scroll of fear?
Okay, then.
As you read the scroll of teleportation, it crumbles to dust.
You feel strangely unstable.
The black bear bites you but does no damage.
The black bear claws you.
* * * LOW HITPOINT WARNING * * *
The black bear claws you but does no damage.
The black bear bites you.
You die...

########### #.†.......#
### #.........#### #.(
#............#####.#
#####...............##.#
#.....h@................
+...###########.......##.#
##.. ####....##.# #..
#....##.# ..# #)...##.#
.h# #....##.# ...
#....##.# #... #....##..
#....####


You could see a black bear (berserk).

Vanquished Creatures
  2 scorpions (D:4)
  A sleepcap (D:4)
  3 adders
  2 dart slugs (D:3)
  2 worms (D:3)
  An orc (D:3)
  11 bats
  9 endoplasms
  3 giant cockroaches
  2 goblins
  5 hobgoblins
  5 kobolds
  5 quokkas
  6 ball pythons
  5 frilled lizards
  A rat (D:1)
63 creatures vanquished.

Notes
Turn   | Place    | Note
-------+----------+-------------------------------------------
     0 | D:1      | adizb the Deep Elf Hunter began the quest for the Orb.
     0 | D:1      | Reached XP level 1. HP: 12/12 MP: 3/3
     8 | D:1      | Noticed a redback
     8 | D:1      | Noticed a five-headed hydra
     9 | D:1      | Noticed a black bear
    77 | D:1      | Reached XP level 2. HP: 17/17 MP: 4/4
   433 | D:1      | Reached XP level 3. HP: 21/21 MP: 5/5
   846 | D:2      | Reached skill level 6 in Ranged Weapons
  1312 | D:3      | Found a large runed translucent door.
  1312 | D:3      | Found a large runed translucent door.
  1320 | D:3      | Found a corrupted altar of Lugonu.
  1336 | D:3      | Noticed Sigmund
  1372 | D:3      | Reached XP level 4. HP: 23/26 MP: 6/6
  1533 | D:3      | Found a one-way gate to the infinite horrors of the Abyss.
  1770 | D:4      | Noticed a scorpion
  1775 | D:4      | Killed a scorpion
  1776 | D:4      | Reached XP level 5. HP: 31/31 MP: 7/7
  1791 | D:4      | Reached skill level 7 in Ranged Weapons
  1875 | D:4      | Noticed a black bear
  1888 | D:4      | Slain by a black bear

Illustrated notes

Levels and vault maps discovered:
D:1:      onia_arrival_zoo_common, layout_loops_ring, serial_forest,
          infiniplex_forest_clump_long, infiniplex_forest_straight_2,
          infiniplex_forest_clump_small, infiniplex_forest_straight_2,
          infiniplex_forest_lined_room_2, infiniplex_forest_zigzag_1,
          infiniplex_forest_clump_long, supply_closet_lemuel, st_stairs_1,
          chequers_serial_rivers_small_a, minmay_3d_cube
D:2:      layout_rooms, kennysheep_big_empty_room
D:3:      due_chaos_kobolds, layout_rooms, minivault_24, uniq_sigmund
D:4:      layout_basic, grunt_temple_overflow_gold_and_silver,
          minmay_temple_entry_statues_fountains, serial_shops, shop,
          minivault_11

Skill      XL: |  1  2  3  4  5 |
---------------+----------------+-----
Stealth        | 2 3 |  3.5
Ranged Weapons | 6 7 |  7.2
Fighting       | 2 |  2.6
Dodging        | 3 4 |  4.0

Action                     |  1- 3 |  4- 6 || total
---------------------------+-------+-------++-------
   Fire: Shortbow          |   101 |    70 ||   171
    Use: Scroll            |     1 |     3 ||     4
 Armour: Leather armour    |     9 |    11 ||    20
  Dodge: Dodged            |    21 |    23 ||    44
